Unix NetHack Version 3.7.0-97 Work-in-progress - last build Feb 8 2024 15:05:57 (6d6cdf8371b60126770a3d7b88910941cb14a054,branch:master). Game began 2024-02-27 18:03:28, ended 2024-02-28 21:48:00. gargor, lawful female dwarven Valkyrie ----- ------------- --------- |.{.-## ####............| ------ |.<.....| |...| # # |...........| |....| #........| |...| # ## ##-...........| |...{| #|.......| ---.- # -----# |...........| |....@: #|...{...| #### ### |...|# ------------- |....|### #|..)....| ## # |...|# |.{..| ## #--.------ ### ##-....# ---@-- # # ############ ----- # ### % #### # ## # ### ## ## # # --------|--- . # # |.......[..|#### .. #-------# |..........|# *]? #......|# |..........-# [.(? |.....|# ------------ ------ -......# ------- Gargor the Fighter St:15 Dx:12 Co:20 In:9 Wi:7 Ch:11 Lawful S:4626 Dlvl:7 $:0 HP:0(80) Pw:7(7) AC:0 Xp:7/953 T:5296 Satiated Burdened Latest messages: The dagger misses the black unicorn. In what direction? j The dagger hits the black unicorn. In what direction? j The dagger misses the black unicorn. You have no ammunition readied. What do you want to fire? [- $bft-vNV or ?*] Never mind. What do you want to throw? [$bft-vNV or ?*] V In what direction? j You kill the black unicorn! Your movements are now unencumbered. There are several objects here. You have a little trouble lifting 10 +0 daggers. Continue? [ynq] (q) q You have a little trouble lifting 10 +0 daggers. Continue? [ynq] (q) y You have a little trouble lifting b - 10 +0 daggers (11 in total). V - an uncursed dwarvish spear (2 in total). T - a scroll labeled STRC PRST SKRZ KRK (2 in total). r - a unicorn horn. Your movements are slowed slightly because of your load. That door is closed. The door opens. Something is written here in the dust. You read: "?|?sed fo? i??entory". This door is locked. This door is locked. In what direction? j Whammm!! You hear the splashing of a naiad. In what direction? j Whammm!! In what direction? j As you kick the door, it crashes open! Akranes appears next to you! "How dare you break my door?" Akranes zaps a long wand! Boing! Akranes hits! Akranes hits again! What do you want to zap? [jPSX-Z or ?*] S A gecko suddenly appears next to you! Akranes hits! Akranes hits again! Akranes hits! Akranes hits again! Akranes hits! You die... Akranes takes all your possessions. Do you want to see what you had when you died? [ynq] (y) y Do you want to see your attributes? [ynq] (y) q Inventory: Amulets D - an uncursed amulet versus poison Weapons v - 26 +0 darts t - 3 blessed +0 daggers f - 2 +1 daggers b - 11 +0 daggers a - a +1 dwarvish spear (weapon in right hand) V - 2 +0 dwarvish spears N - a blessed +0 aklys u - a blessed +3 long sword Armor Q - an uncursed +0 dwarvish iron helm (being worn) z - a cursed +0 dwarvish iron helm A - a blessed +0 helmet g - an uncursed +0 pair of leather gloves (being worn) s - an uncursed +0 pair of iron shoes (being worn) c - an uncursed +3 small shield (being worn) E - an uncursed +0 cloak of magic resistance (being worn) Comestibles B - 2 uncursed food rations k - an uncursed tripe ration F - 2 cursed tripe rations W - an uncursed lizard corpse Scrolls T - 2 uncursed scrolls of create monster U - an uncursed scroll of enchant armor G - a cursed scroll of enchant armor I - 2 uncursed scrolls of enchant weapon l - an uncursed scroll of identify J - a cursed scroll of identify H - a cursed scroll of remove curse Potions C - 2 uncursed potions of full healing M - a blessed potion of restore ability w - an uncursed potion of restore ability m - a blessed potion of see invisible n - an uncursed potion of water L - 4 potions of unholy water Rings o - a cursed -1 ring of gain strength O - a blessed +1 ring of increase accuracy y - an uncursed ring of searching R - an uncursed ring of warning Wands Z - a cursed wand of cold (0:4) S - a wand of create monster (0:13) Y - a cursed wand of magic missile (0:3) X - a cursed wand of magic missile (0:2) P - a wand of make invisible (0:5) j - a wand of secret door detection (0:13) Tools K - an empty cursed bag of holding e - a fire horn (0:0) d - a cursed tooled horn i - a cursed wooden flute x - an uncursed magic lamp (lit) h - a cursed magic marker (0:20) q - an uncursed tin opener r - a +0 unicorn horn Gems/Stones p - 2 uncursed worthless pieces of green glass Gargor the Valkyrie's attributes: Background: You were a Fighter, a level 7 dwarven Valkyrie. You were lawful, on a mission for Tyr who was opposed by Odin (neutral) and Loki (chaotic). You were right-handed. You were in the Dungeons of Doom, on level 7. You entered the dungeon 5296 turns ago. You had 953 experience points, 327 more were needed to attain level 8. Your score was 4626 before end-of-game adjustments. Basics: You had 0 out of 80 hit points. You had all 7 energy points (spell power). Your armor class was 0. Your wallet was empty. Autopickup was off. Final Characteristics: Your strength was 15 (peak:18, limit:18/100). Your dexterity was 12 (limit:20). Your constitution was 20 (limit:20). Your intelligence was 9 (limit:16). Your wisdom was 7 (limit:16). Your charisma was 11 (limit:16). Final Status: You were satiated. You were burdened; movement was slightly slowed. You were wielding a spear. You had basic skill with spear and could have enhanced that. Final Attributes: You were piously aligned. You were magic-protected. You were cold resistant. You were telepathic. You had infravision. You were stealthy. You were warded. You were fast. You are dead. Miscellaneous: You encountered 1 bones level. Total elapsed playing time was 1 hour, 2 minutes and 5 seconds. Major events: Turn 1: gargor the lawful dwarven Valkyrie entered the dungeon 332: attained the rank of Skirmisher (level 3) 868: entered the Gnomish Mines 1943: reached Mine Town 2060: destroyed lurchy's ghost, the former Thaumaturge 3480: attained the rank of Fighter (level 6) 4543: entered Sokoban 5296: killed by Ms. Akranes; the shopkeeper Vanquished creatures: 2 ghosts a large cat a watchman a chameleon 6 wolves a leprechaun an orc-captain an iron piercer a vampire bat a gnome ruler a dwarf mummy an ogre a werewolf 2 lizards a jaguar a black unicorn a dust vortex a gnome mummy a water nymph a Mordor orc an orc shaman 2 rock piercers a pony a fog cloud a yellow light 2 gnome leaders a gnomish wizard a golden naga hatchling 3 floating eyes a kitten a dwarf a homunculus 2 kobold shamans 6 rothes a rabid rat a centipede 3 giant bats 2 orc zombies a wererat 3 iguanas 2 hobbits 11 manes a large kobold 2 hobgoblins 4 giant rats 4 cave spiders a red mold 17 gnomes 10 garter snakes a gnome zombie 3 geckos 3 kobolds 4 goblins a sewer rat 3 grid bugs 4 bats 2 lichens 4 newts 139 creatures vanquished. No species were genocided or became extinct. Voluntary challenges: You read items or engraved 2 times. You never engraved Elbereth. You never genocided any monsters. You never polymorphed an object. You never changed form. You used no wishes. You did not violate any of the special Sokoban rules. Achievements: You attained the rank of Skirmisher. You entered a shop. You entered the Gnomish Mines. You entered Minetown. You entered a temple. You attained the rank of Fighter. You entered Sokoban. The Dungeons of Doom: levels 1 to 7 Level 1: A fountain. Level 2: Level 3: Level 4: An altar, some fountains. Stairs down to The Gnomish Mines. Level 5: Many fountains. Level 6: A fountain. Stairs up to Sokoban, level 5. Level 7: <- You were here. Some fountains, some sinks. Final resting place for you, killed by Ms. Akranes; the shopkeeper. The Gnomish Mines: levels 5 to 7 Level 5: Level 6: Level 7: A temple and an altar to Tyr, many fountains, a grave. Final resting place for lurchy-Wiz-Elf-Mal-Cha, killed by a bolt of fire played by a large kobold. Sokoban: Level 5: Unsolved. Game over: ---------- / \ / REST \ / IN \ / PEACE \ / \ | gargor | | 0 Au | | killed by Ms. | | Akranes; the | | shopkeeper | | | | 2024 | *| * * * | * _________)/\\_//(\/(/\)/\//\/|_)_______ Farvel gargor the Valkyrie... You died in The Dungeons of Doom on dungeon level 7 with 4626 points, and 0 pieces of gold, after 5296 moves. You were level 7 with a maximum of 80 hit points when you died.